 Dungeon Crawl Stone Soup version 0.22-a0-433-gd2a9cce0b5 (webtiles) character file.

38 Rrauwl the Cudgeler (level 3, 0/36 HPs)
             Began as a Troll Monk on May 29, 2018.
             Succumbed to a water moccasin's poison
             ... on level 2 of the Dungeon.
             The game lasted 00:03:34 (801 turns).

Rrauwl the Cudgeler (Troll Monk)                     Turns: 801, Time: 00:03:34

Health: 0/36       AC:  6    Str: 20    XL:     3   Next: 25%
Magic:  2/2        EV: 11    Int:  6    God:
Gold:   124        SH:  0    Dex: 12    Spells: 2/2 levels left

rFire    . . .     SeeInvis .   a - +1 mace
rCold    . . .     Gourm    +   (no shield)
rNeg     . . .     Faith    .   b - +1 robe
rPois    .         Spirit   .   (helmet restricted)
rElec    .         Reflect  .   (no cloak)
rCorr    .         Harm     .   (gloves unavailable)
MR       .....                  (boots unavailable)
Stlth    ++........             (no amulet)
HPRegen  0.52/turn              f - +1 ring of evasion
MPRegen  0.08/turn              (no ring)

@: lethally poisoned (0 -> -1)
A: large, unfitting armour, claws 3, fast metabolism 3, gourmand, regeneration
1, shaggy fur 1, tough skin 2
a: no special abilities


You were on level 2 of the Dungeon.
You were completely stuffed.

You visited 1 branch of the dungeon, and saw 2 of its levels.

You collected 124 gold pieces.

Inventory:

Hand Weapons
 a - a +1 mace (weapon)
Armour
 b - a +1 robe (worn)
Jewellery
 f - a +1 ring of evasion (left claw)
Scrolls
 d - 2 scrolls of enchant weapon
Potions
 j - a potion of flight
Comestibles
 c - 3 rations
 i - 5 chunks of flesh


   Skills:
 + Level 2.8 Fighting
 + Level 3.0 Maces & Flails
 - Level 1.0 Armour
 + Level 2.7 Dodging
 - Level 1.0 Stealth


You had 2 spell levels left.
You didn't know any spells.
Your spell library was empty.

Dungeon Overview and Level Annotations

Branches:
Dungeon (2/15)

Altars:


Innate Abilities, Weirdness & Mutations

You are too large for most types of armour.
You have claws for hands.
Your metabolism is lightning-fast.
You like to eat raw meat.
Your natural rate of healing is unusually fast.
You are covered in fur. (AC +1)
You have very tough skin. (AC +2)


Message History

* * * LOW HITPOINT WARNING * * *
The water moccasin bites you.
* * * LOW HITPOINT WARNING * * *
You miss the water moccasin.
The water moccasin is severely wounded.
The water moccasin bites you.
* * * LOW HITPOINT WARNING * * *
You are poisoned.
The water moccasin poisons you! The water moccasin closely misses you.
Okay, then.
You miss the water moccasin.
The water moccasin is severely wounded.
You feel sick. The water moccasin misses you.
You barely miss the water moccasin.
The water moccasin is heavily wounded.
The water moccasin closely misses you. The water moccasin bites you.
* * * LOW HITPOINT WARNING * * *
You sock the water moccasin!
The water moccasin is almost dead.
You die...

#+# #.# #.#
##.## ##<..##
#..@S!#
.......<.......
.##.###.#####..
#% #.# # #.#
#.# #.# #.#


You could see a water moccasin.

Vanquished Creatures
  A dart slug (D:1)
  2 leopard geckos (D:1)
  3 bats (D:1)
  2 giant cockroaches (D:1)
  2 goblins (D:1)
  3 hobgoblins (D:1)
  2 jackals (D:1)
  4 kobolds (D:1)
  15 frilled lizards (D:1)
  2 rats (D:1)
36 creatures vanquished.

Notes
Turn   | Place    | Note
-------+----------+-------------------------------------------
     0 | D:1      | Rrauwl the Troll Monk began the quest for the Orb.
     0 | D:1      | Reached XP level 1. HP: 22/22 MP: 0/0
    86 | D:1      | Reached XP level 2. HP: 26/29 MP: 1/1
   450 | D:1      | Reached skill level 3 in Maces & Flails
   486 | D:1      | Reached XP level 3. HP: 36/36 MP: 2/2
   567 | D:1      | Reached skill level 1 in Armour
   788 | D:2      | Noticed a water moccasin
   800 | D:2      | HP: 1/36 [water moccasin (6)]
   801 | D:2      | Succumbed to a water moccasin's poison

Vault maps used:
D:1:      dpeg_arrival_refuge, minivault_24, minmay_lizard_king
D:2:      lemuel_coloured_pillars_altar, first_ration, minmay_crystal_water

Skill      XL: |  1  2  3 |
---------------+----------+-----
Maces & Flails | 3 |  3.0
Armour         | 1 |  1.0
Fighting       | |  2.8
Dodging        | |  2.7
Stealth        | |  1.0

Action                   || total
-------------------------++-------
Melee: Mace              ||   119
  Use: Scroll            ||     7
       Potion            ||     1
 Stab: Sleeping          ||     5
  Eat: Chunk             ||    13
Armor: Robe              ||    54
Dodge: Dodged            ||    88

Table legend:
 A = Spawn XP
 B = Non-spawn XP
 C = Spawn XP percentage of total XP
 D = Spawn monster count
 E = Non-spawn monster count
 F = Spawn count percentage of total count
 G = Total turns spent on level
                    A         B        C        D         E        F      G
               +---------+---------+-------+---------+---------+-------+---------
         Total |       0 |      55 |   0.0 |       0 |      36 |   0.0 |   801
               +---------+---------+-------+---------+---------+-------+---------
           D:1 |       0 |      55 |   0.0 |       0 |      36 |   0.0 |   788
               +---------+---------+-------+---------+---------+-------+---------
